 Dungeon Crawl Stone Soup version 0.13.0-6-g40e4d2d (webtiles) character file.

12709 Psiweapon the Protected (level 11, -1/89 HPs)
             Began as a Minotaur Fighter on Oct 14, 2013.
             Was a High Priest of Okawaru.
             Slain by a naga
             ... wielding a +0,+0 war axe
              (4 damage)
             ... on Level 3 of the Lair of Beasts.
             The game lasted 01:16:43 (14117 turns).

Psiweapon the Protected (Minotaur Fighter)         Turns: 14117, Time: 01:16:44

HP  -1/89        AC 18     Str 25      XL: 11   Next: 58%
MP   9/17        EV  8     Int  5      God: Okawaru [*****.]
Gold 539         SH 26     Dex  9      Spells:  4 memorised, 15 levels left

Res.Fire  : . . .   See Invis. : .   P - +0,+2 broad axe
Res.Cold  : + . .   Warding    : .   N - +1 chain mail {rC+}
Life Prot.: . . .   Conserve   : .   c - +0 shield
Res.Poison: +       Res.Corr.  : .   (helmet restricted)
Res.Elec. : .       Clarity    : +   E - +0 cloak
Sust.Abil.: . .     Spirit.Shd : .   L - +0 pair of dwarf gauntlets
Res.Mut.  : .       Stasis     : .   (no boots)
Res.Rott. : .       Flight     : .   (no amulet)
Saprovore : . . .                    Q - ring of wizardry
                                     l - ring of poison resistance

@: heroism, constricted, somewhat resistant to hostile enchantments, extremely
unstealthy
A: retaliatory headbutt, horns 2, carnivore 1, clarity
a: Heroism, Finesse, Renounce Religion


You were on level 3 of the Lair of Beasts.
You worshipped Okawaru.
Okawaru was extremely pleased with you.
You were not hungry.

You visited 3 branches of the dungeon, and saw 16 of its levels.

You collected 519 gold pieces.

Inventory:

Hand weapons
 e - the +4,+4 falchion of Ynlydia {drain, Contam rC+ MR++ SInv}
   (Okawaru gifted it to you on level 3 of the Lair of Beasts)

   A truly terrible weapon, it drains the life of those it strikes.
   It protects you from cold.
   It affects your resistance to hostile enchantments.
   It enhances your eyesight.
   It causes magical contamination when unequipped.
 n - a +0,+2 sling of flame
 s - the +2,+6 falchion of Okawaru's Castigation {elec, *Rage Str+2 Dex+2}
   (You found it on level 9 of the Dungeon)

   Occasionally, upon striking a foe, it will discharge some electrical energy
   and cause terrible harm.
   It affects your strength (+2).
   It affects your dexterity (+2).
   It makes you angry.
 P - a +0,+2 broad axe (weapon)
Missiles
 O - 3 javelins of returning (quivered)
Armour
 c - a +0 shield (worn)
 E - a +0 cloak (worn)
 L - a +0 pair of dwarven gauntlets (worn)
 N - a +1 chain mail of cold resistance (worn)
Magical devices
 b - a wand of cold (0)
 j - a wand of hasting (0)
 k - a wand of teleportation (2) {unknown}
 u - a wand of fire (1)
 X - a wand of confusion (10)
 Z - a wand of frost (9)
Comestibles
 d - 5 bread rations
 p - 3 meat rations
 z - a pear
 T - 2 apples
 U - a lemon
 Y - an orange
Scrolls
 a - a scroll of acquirement {unknown}
 f - a scroll of noise
 h - 4 scrolls of teleportation
 m - a scroll of curse weapon {unknown}
 o - a scroll of enchant armour {unknown}
 r - 2 scrolls of recharging
 t - a scroll of blinking {unknown}
 v - 6 scrolls of remove curse
 w - a scroll of random uselessness {unknown}
 H - 2 scrolls of immolation {unknown}
 I - 3 scrolls of magic mapping
 J - a scroll of curse jewellery {unknown}
 K - 2 scrolls of curse armour {unknown}
Jewellery
 g - an uncursed ring of ice
 l - a ring of poison resistance (left hand)
 Q - a ring of wizardry (right hand)
 S - an uncursed ring of flight
Potions
 q - 2 potions of brilliance
 x - 2 potions of degeneration {unknown}
 A - a potion of poison {unknown}
 B - a potion of speed
 D - 4 potions of might {unknown}
 F - a potion of invisibility {unknown}
 G - a potion of experience {unknown}
 M - 2 potions of paralysis {unknown}
 R - 2 potions of cure mutation {unknown}
 W - 6 potions of curing
Magical staves
 V - an uncursed staff of cold
Miscellaneous
 C - an ornate deck of defence


   Skills:
 - Level 6.3(11.3) Fighting
 - Level 8.9(13.9) Long Blades
 + Level 5.8(10.8) Axes
 + Level 1.9(6.9) Throwing
 - Level 12.2(17.2) Armour
 - Level 3.5(8.5) Dodging
 - Level 4.7(9.7) Stealth
 - Level 6.8(11.8) Shields
 + Level 5.1 Spellcasting
 - Level 2.2 Conjurations
 - Level 2.0 Summonings
 - Level 2.0 Translocations


You had 15 spell levels left.
You knew the following spells:

 Your Spells              Type           Power        Failure   Level  Hunger
a - Magic Dart            Conj           #...         30%         1    ##.....
b - Apportation           Tloc           #.........   38%         1    ##.....
c - Summon Butterflies    Summ           #.......     38%         1    ##.....
d - Blink                 Tloc           N/A          58%         2    ###....


Dungeon Overview and Level Annotations

Branches:
Dungeon (11/27)            Temple (1/1) D:6            Lair (4/8) D:8
    Orc: D:6-11       Swamp: Lair:3-6    Shoals: Lair:3-6     Snake: Lair:3-6
 Spider: Lair:3-6

Altars:
Ashenzari
Cheibriados
Elyvilon
Kikubaaqudgha
Makhleb
Okawaru
Sif Muna
Trog
Vehumet
Xom
Yredelemnul
Zin

Shops:
D:5 (   D:9 (

Annotations:
D:2 Sigmund
D:5 HungrySpirit's ghost, experienced DsGl
Lair:3 1 exclusion


Innate Abilities, Weirdness & Mutations

You reflexively headbutt those who attack you in melee.
You have a pair of horns on your head.
Your digestive system is specialised to digest meat.
You possess an exceptional clarity of mind.


Message History

You hit the naga. You headbutt the naga!
The naga is heavily wounded.
You barely miss the naga.
The naga is almost dead.
You barely miss the naga.
The naga is moderately wounded.
The naga hits you with a great mace!
* * * LOW HITPOINT WARNING * * *
The naga hits you but does no damage. You block the naga's attack.
The naga spits poison at you. The splash of poison misses you.
* * * LOW HITPOINT WARNING * * *
The naga constricts you.
Evoke which item? (* to show all) (? for menu, Esc to quit)
Zapping:
j - a wand of hasting {zapped: 2}
Press: ? - help, Shift-Dir - straight line, f - you Nothing appears to happen.
The naga barely misses you. The naga hits you with a war axe!
* * * LOW HITPOINT WARNING * * *
You die...

##..##.## #..#..#.##..####.##
#......## #..#..##..P..##..##
##.#..#.###.#.#.......###...#
####........>..............###
###########.#########...)#.
.....###...# ##.....
........##.## #..##. #..N#..#
##.f### #..N@.## #..##
#.NN#..# ##.# # ......##..####
##.# # ..$.## #.....#####..#
#### ##.........##.# ##
##.#..#.##..#..###.
..##..#.##...>........
.............P.#..#h
###..###...#..######


You could see 4 nagas.

Vanquished Creatures
  Fannar (Lair:2)
  3 spiny frogs (Lair:1)
  4 komodo dragons
  3 blink frogs (Lair:3)
  A basilisk (Lair:4)
  A shark (D:9)
  A hill giant zombie (D:9)
  9 yaks (Lair:1)
  3 hippogriffs
  3 wolves (Lair:1)
  Edmund (D:9)
  3 porcupines
  A necrophage (D:9)
  2 ice beasts
  2 phantoms
  A naga (Lair:3)
  3 sky beasts
  A yellow wasp (D:10)
  4 orc warriors
  A black bear (D:7)
  7 centaurs
  A boring beetle (Lair:3)
  3 ogres
  2 wargs (D:7)
  A big kobold (D:9)
  A water moccasin (Lair:2)
  2 giant slugs
  A crocodile (Lair:2)
  9 giant frogs
  3 agate snails
  A jellyfish (D:9)
  10 wights
  4 killer bees (D:9)
  6 hounds
  3 crimson imps
  3 orc priests
  A jelly (D:9)
  A centaur skeleton (D:7)
  A giant frog skeleton (D:7)
  7 iguanas
  A gnoll shaman (D:9)
  11 orc wizards
  7 worker ants
  6 sheep
  Ijyb (D:7)
  A hound zombie (D:10)
  An ogre zombie (D:7)
  2 mummies
  4 gnolls (D:9)
  12 adders
  3 giant centipedes
  13 green rats
  4 worms
  An adder zombie (D:8)
  2 giant eyeballs
  6 giant geckos
  22 orcs
  A ball python (D:1)
  A bat skeleton (D:6)
  2 giant cockroaches
  17 goblins
  15 hobgoblins
  29 jackals
  6 quokkas
  10 bats
  2 giant gecko skeletons
  5 giant newts
  3 giant spores
  A goblin skeleton (D:5)
  22 kobolds
  An orc skeleton (D:9)
  23 rats
  7 ballistomycetes
357 creatures vanquished.

Vanquished Creatures (others)
  A quasit (D:9)
  A giant spore (D:6)
  A plant (Lair:1)
3 creatures vanquished.

Grand Total: 360 creatures vanquished

Notes
Turn   | Place    | Note
--------------------------------------------------------------
     0 | D:1      | Psiweapon, the Minotaur Fighter, began the quest for the Orb.
     0 | D:1      | Reached XP level 1. HP: 19/19 MP: 0/0
   218 | D:1      | Reached XP level 2. HP: 26/26 MP: 0/0
   414 | D:1      | Reached skill level 1 in Dodging
   543 | D:1      | Reached skill level 4 in Shields
   632 | D:2      | Reached XP level 3. HP: 33/33 MP: 1/1
   653 | D:2      | Noticed Sigmund
  1065 | D:2      | Reached XP level 4. HP: 36/40 MP: 1/1
  1268 | D:3      | Found a deep blue altar of Sif Muna.
  1307 | D:3      | Found a basalt altar of Yredelemnul.
  1982 | D:5      | Entered Level 5 of the Dungeon
  1999 | D:4      | Reached XP level 5. HP: 9/46 MP: 1/1
  2258 | D:4      | Noticed an ogre
  2269 | D:4      | Killed an ogre
  2269 | D:4      | Reached skill level 5 in Shields
  2879 | D:4      | Reached XP level 6. HP: 47/53 MP: 2/2
  2957 | D:4      | Reached skill level 5 in Armour
  3868 | D:5      | Found Xeelar's Weapon Boutique.
  3882 | D:5      | Noticed an ice beast
  3895 | D:5      | Noticed HungrySpirit's ghost (experienced DsGl)
  3895 | D:5      | Killed an ice beast
  3903 | D:6      | Reached XP level 7. HP: 49/60 MP: 2/2
  3946 | D:6      | Reached skill level 5 in Fighting
  4052 | D:5      | Noticed a phantom
  4075 | D:5      | Killed a phantom
  4075 | D:5      | Reached skill level 6 in Shields
  4233 | D:5      | Noticed a sky beast
  4259 | D:5      | Killed a sky beast
  4259 | D:5      | Reached skill level 5 in Axes
  4870 | D:6      | Found a staircase to the Ecumenical Temple.
  4880 | Temple   | Entered the Ecumenical Temple
  4895 | Temple   | Became a worshipper of Warmaster Okawaru
  5007 | D:6      | Reached XP level 8. HP: 61/69 MP: 2/2
  5097 | D:6      | Learned a level 1 spell: Magic Dart
  5597 | D:7      | Noticed Ijyb
  5602 | D:7      | Killed Ijyb
  5658 | D:7      | Reached skill level 7 in Armour
  5830 | D:7      | Reached skill level 1 in Spellcasting
  6037 | D:7      | Gained mutation: Your digestive system is specialised to digest meat. [mutagenic meat]
  6038 | D:7      | Gained mutation: You possess an exceptional clarity of mind. [mutagenic meat]
  6216 | D:7      | Reached skill level 8 in Armour
  6283 | D:7      | Acquired Okawaru's first power
  6431 | D:7      | Reached skill level 9 in Armour
  6437 | D:7      | Reached XP level 9. HP: 27/75 MP: 8/8
  6721 | D:8      | Found a staircase to the Lair.
  6873 | D:8      | Reached skill level 10 in Armour
  7545 | D:8      | Found a bloodstained altar of Trog.
  7609 | D:9      | Found a shimmering altar of Xom.
  7611 | D:9      | Found a shimmering altar of Xom.
  7611 | D:9      | Found a shimmering altar of Xom.
  7611 | D:9      | Found a shimmering altar of Xom.
  7615 | D:9      | Noticed Edmund
  7632 | D:9      | Killed Edmund
  7632 | D:9      | Reached skill level 11 in Armour
  8215 | D:9      | Found a shimmering altar of Xom.
  8269 | D:9      | Reached skill level 12 in Armour
  8269 | D:9      | Reached XP level 10. HP: 60/82 MP: 13/13
  8425 | D:9      | Got an ancient falchion
  8429 | D:9      | Identified the +2,+6 falchion of Okawaru's Castigation {elec, *Rage Str+2 Dex+2} (You found it on level 9 of the Dungeon)
  8600 | D:9      | Reached skill level 1 in Long Blades
  8600 | D:9      | Reached skill level 1 in Stealth
  8637 | D:9      | Found Poimeora's Weapon Boutique.
  8659 | D:9      | Found a glowing silver altar of Zin.
  8723 | D:9      | Noticed a harpy
  8731 | D:9      | Noticed a guardian serpent
  8731 | D:9      | a harpy changed into a guardian serpent
  8990 | D:10     | Entered Level 10 of the Dungeon
  9916 | D:10     | Reached skill level 5 in Long Blades
 10332 | Lair:1   | Entered Level 1 of the Lair of Beasts
 10972 | Lair:1   | Acquired Okawaru's second power
 11153 | Lair:1   | Reached XP level 11. HP: 89/89 MP: 14/14
 11315 | Lair:1   | Received a gift from Okawaru
 11766 | Lair:2   | Learned a level 1 spell: Apportation
 11768 | Lair:2   | Learned a level 1 spell: Summon Butterflies
 11771 | Lair:2   | Learned a level 2 spell: Blink
 11967 | Lair:2   | Noticed Fannar
 11989 | Lair:2   | Killed Fannar
 11989 | Lair:2   | Reached skill level 1 in Conjurations
 11989 | Lair:2   | Reached skill level 1 in Summonings
 11989 | Lair:2   | Reached skill level 1 in Translocations
 12516 | Lair:2   | Upgraded the game from 0.13.0-5-g7e31f0a to 0.13.0-6-g40e4d2d
 13402 | Lair:3   | Received a gift from Okawaru
 13409 | Lair:3   | Reached skill level 1 in Throwing
 13412 | Lair:3   | Got a fine falchion {god gift}
 13449 | Lair:3   | Identified the +4,+4 falchion of Ynlydia {drain, Contam rC+ MR++ SInv} (Okawaru gifted it to you on level 3 of the Lair of Beasts)
 13591 | Lair:3   | Reached skill level 5 in Spellcasting
 14117 | Lair:3   | HP: 3/89 [naga/war axe (12)]
 14117 | Lair:3   | Slain by a naga

Action                   |  1- 3 |  4- 6 |  7- 9 | 10-12 || total
-------------------------+-------+-------+-------+-------++-------
Melee: Hand axe          |    91 |   178 |       |       ||   269
       War axe           |       |    15 |    81 |       ||    96
       Broad axe         |       |       |   334 |   162 ||   496
       Falchion          |       |       |       |   273 ||   273
Throw: Dagger            |     2 |     1 |    11 |     4 ||    18
       Spear             |       |       |     1 |     3 ||     4
       Javelin           |       |       |       |     3 ||     3
Invok: Heroism           |       |       |     2 |     2 ||     4
Evoke: Wand              |       |       |     4 |    16 ||    20
  Use: Potion            |       |     2 |     6 |     3 ||    11
       Scroll            |       |       |     5 |     8 ||    13
 Stab: Distracted        |       |     1 |       |       ||     1
